 Dungeon Crawl Stone Soup version 0.30-a0-782-ge64f9170bb (webtiles) character file.

Game seed: 8487199364922947187

79680 Flugkiller the Cleaver (level 15, -4/114 HPs)
             Began as an Octopode Monk on Feb 28, 2023.
             Was an Initiate of Gozag.
             Slain by a sphinx (20 damage)
             ... summoned by Kirke
             ... on level 1 of the Snake Pit.
             The game lasted 00:33:50 (25054 turns).

Flugkiller the Cleaver (Octopode Monk)             Turns: 25054, Time: 00:33:50

Health: -4/114     AC:  3    Str: 21    XL:     15   Next: 64%
Magic:  0/8        EV: 35    Int: 18    God:    Gozag
Gold:   1146       SH: 18    Dex: 44    Spells: 9/14 levels left

rFire   + . .      SeeInvis .    b - +10 broad axe of the Viper {antimagic, rElec rPois Dex+2 Stlth-}
rCold   . . .      Faith    .    l - +0 kite shield
rNeg    . . .      Spirit   +    (helmet restricted)
rPois   +          Reflect  .    G - amulet of guardian spirit
rElec   +          Harm     .    m - ring of willpower
rCorr   .          Rampage  .    P - +6 ring of strength
Will    ++...      Clarity  +    i - +6 ring of dexterity
Stlth   ++++                     x - +6 ring of dexterity
HPRegen 0.39/turn                C - +6 ring of dexterity
MPRegen 0.11/turn                O - +6 ring of intelligence
                                 u - +6 ring of dexterity
                                 J - ring of Eternal Harmony {rF+ MP+9}

@: mighty, gold aura, invisible
A: almost no armour, amphibious, 8 rings, camouflage 1, gelatinous body 1,
(nimble swimmer 1), tentacles, antennae 1, iridescent scales 1, clarity
a: Renounce Religion, Potion Petition, Call Merchant, Bribe Branch


You were on level 1 of the Snake Pit.
You worshipped Gozag.
Gozag was most pleased with you.
You visited 5 branches of the dungeon, and saw 24 of its levels.
You also visited: Ossuary.

You collected 6933 gold pieces.
You spent 2185 gold pieces at shops.
You paid 3602 gold pieces to Gozag.

Inventory:

Hand Weapons
 a - a +2 scimitar of flaming
   (You found it on level 5 of the Lair of Beasts)
 b - the +10 broad axe of the Viper (weapon) {antimagic, rElec rPois Dex+2 Stlth-}
   (You bought it in a shop on level 1 of the Dungeon)

   Dex:       It affects your dexterity (+2).
   rElec:     It insulates you from electricity.
   rPois:     It protects you from poison.
   Stlth:     It makes you less stealthy.
Missiles
 s - a curare-tipped dart
 I - 3 throwing nets (quivered)
Armour
 l - a +0 kite shield (worn)
   (You took it off a gnoll sergeant on level 10 of the Dungeon)
Jewellery
 i - a +6 ring of dexterity (on tentacle)
   (You found it on level 2 of the Dungeon)
 m - a ring of willpower (left tentacle)
   (You found it on level 1 of the Dungeon)
 u - a +6 ring of dexterity (on tentacle)
   (You found it on level 15 of the Dungeon)
 x - a +6 ring of dexterity (on tentacle)
   (You found it on level 4 of the Dungeon)
 C - a +6 ring of dexterity (on tentacle)
   (You found it on level 8 of the Dungeon)
 F - a ring of ice
   (You found it on level 12 of the Dungeon)
 G - an amulet of guardian spirit (around mantle)
   (You found it on level 4 of the Dungeon)
 J - the ring of Eternal Harmony (on tentacle) {rF+ MP+9}
   (You bought it in a shop on level 2 of the Orcish Mines)

   [ring of magical power]

   rF:        It protects you from fire.
   MP:        It affects your magic capacity (+9).
 O - a +6 ring of intelligence (on tentacle)
   (You found it on level 2 of the Lair of Beasts)
 P - a +6 ring of strength (right tentacle)
   (You found it on level 1 of the Dungeon)
 T - the amulet of Fatigue {Faith Harm Str+4}
   (You found it on level 14 of the Dungeon)

   [amulet of faith]

   It allows you to gain divine favour quickly.
   Str:       It affects your strength (+4).
   Harm:      It increases damage dealt and taken.
Wands
 z - a wand of mindburst (7)
   (You bought it in a shop on level 2 of the Orcish Mines)
 A - a wand of charming (35)
   (You found it on level 7 of the Dungeon)
 E - a wand of digging (9)
   (You took it off a centaur on level 8 of the Dungeon)
 K - a wand of flame (7)
   (You found it on level 11 of the Dungeon)
 N - a wand of roots (10)
   (You found it on level 1 of the Lair of Beasts)
 U - a wand of polymorph (3)
   (You found it on level 15 of the Dungeon)
Scrolls
 k - 5 scrolls of magic mapping
 o - a scroll of fog
 p - 4 scrolls of immolation
 r - 2 scrolls of identify
 t - 10 scrolls of teleportation
 y - 4 scrolls of fear
 B - 2 scrolls of vulnerability
 M - 4 scrolls of poison
 Q - a scroll of silence
 R - 4 scrolls of enchant armour
 S - a scroll of torment
Potions
 c - 3 potions of mutation
 d - 2 potions of might
 e - 3 potions of lignification
 f - 6 potions of brilliance
 g - 2 potions of flight
 h - 5 potions of haste
 j - 3 potions of cancellation
 n - a potion of resistance
 q - 9 potions of curing
 v - 2 potions of attraction
 w - 6 potions of heal wounds
 D - 2 potions of invisibility
 H - 3 potions of ambrosia
 L - a potion of magic {unknown}


   Skills:
 + Level 14.3 Fighting
 - Level 3.0 Long Blades
 * Level 14.9 Axes
 + Level 13.9 Dodging
 - Level 4.0 Stealth
 + Level 10.3 Shields
 - Level 8.0 Evocations


You had 9 spell levels left.
You knew the following spells:

 Your Spells              Type           Power      Damage    Failure   Level
i - Irradiate             Conj/Tmut      0%         3d11      100%        5

Your spell library contained the following spells:

 Spells                   Type           Power      Damage    Failure   Level
 Summon Small Mammal      Summ           0%         N/A       43%         1
 Ensorcelled Hibernation  Hex/Ice        0%         N/A       58%         2
 Passwall                 Tmut/Erth      0%         N/A       58%         2
 Poisonous Vapours        Pois/Air       0%         N/A       58%         2
 Sublimation of Blood     Necr           0%         N/A       58%         2
 Wereblood                Tmut           0%         N/A       58%         2
 Call Canine Familiar     Summ           0%         N/A       82%         3
 Ignite Poison            Fire/Tmut/Pois 0%         N/A       82%         3
 Kindle Blastsparks       Fire/Tloc/Air  0%         2d10      82%         3
 Spider Form              Tmut/Pois      0%         N/A       82%         3
 Stone Arrow              Conj/Erth      0%         3d7       82%         3
 Summon Guardian Golem    Hex/Summ       0%         N/A       82%         3
 Swiftness                Air            0%         N/A       82%         3
 Anguish                  Hex/Necr       0%         N/A       99%         4
 Cause Fear               Hex            0%         N/A       99%         4
 Summon Lightning Spire   Summ/Air       0%         N/A       99%         4
 Agony                    Necr           0%         N/A       100%        5
 Blade Hands              Tmut           0%         N/A       100%        5
 Fireball                 Conj/Fire      0%         3d3       100%        5
 Freezing Cloud           Conj/Ice/Air   0%         6-21      100%        5
 Iskenderun's Battlesphe  Conj           0%         2d6       100%        5
 Conjure Ball Lightning   Conj/Air       0%         3x3d6     100%        6
 Dragon Form              Tmut           0%         N/A       100%        7
 Enfeeble                 Hex            0%         N/A       100%        7
 Orb of Destruction       Conj           0%         9d5       100%        7
 Storm Form               Tmut/Air       0%         N/A       100%        7
 Summon Hydra             Summ           0%         N/A       100%        7
 Lehudib's Crystal Spear  Conj/Erth      0%         10d2      100%        8
 Maxwell's Capacitive Co  Air            0%         ∞         100%        8
 Dragon's Call            Summ           0%         N/A       100%        9
 Animate Armour           Summ/Erth      Unusable   N/A       N/A         4
 Simulacrum               Ice/Necr       Unusable   N/A       N/A         6

Dungeon Overview and Level Annotations

Branches:
Dungeon (15/15) Zot: 25172  Temple (1/1) D:7 Zot: 5605    Lair (5/5) D:11 Zot: 23136
  Swamp (0/4) Lair:2        Snake (1/4) Lair:2 Zot: 5364   Slime (0/5) Lair:4
    Orc (2/2) D:10 Zot: 10327     Elf (0/3) Orc:2        Vaults (0/5) D:13
 Depths (0/4) D:15        Ossuary (visited)

Altars:
Ashenzari
Cheibriados
Dithmenos
Elyvilon
Fedhas
Gozag
Hepliaklqana
Kikubaaqudgha
Makhleb
Nemelex Xobeh
Okawaru
Qazlal
Ru
Sif Muna
Trog
Uskayaw
Vehumet
Wu Jian
Xom
Yredelemnul
Zin
The Shining One
Jiyva

Shops:
D:1 (   D:3 (   D:4 ?   D:5 (   Orc:2 !([([*=[

Portals:
Trove: D:11 (give 14 potions of heal wounds)

Annotations:
D:4 1 runed translucent door, Crazy Yiuf
D:6 exclusion: ogre
Lair:2 exclusion: 3 oklob plants
Lair:5 3 runed translucent doors, Gruesome's ghost, journeyman TrFi; Subbak's ghost, journeyman DEHs
Snake:1 Kirke
Orc:1 3 runed translucent doors, Flugkiller's ghost, journeyman DEMo; Takeo's ghost, journeyman MiGl; Vupaekk's ghost, journeyman DsEE


Innate Abilities, Weirdness & Mutations

You cannot wear most types of armour.
You are amphibious.
You can wear up to eight rings at the same time.
Your skin changes colour to match your surroundings (Stealth+).
Your rubbery body absorbs attacks. (AC +1, EV +1)
((You are camouflaged when in or above water. (Stealth+)))
You have tentacles for arms and can constrict up to eight enemies at once.
You have a pair of small antennae on your head.
You are partially covered in iridescent scales. (AC +2)
You possess an exceptional clarity of mind.


Message History

The black mamba completely misses you. The anaconda attacks as you move away!
You block the anaconda's attack. The anaconda barely misses you.
The anaconda completely misses you. You block the anaconda's attack.
The black mamba barely misses you.
The sphinx shouts!
The mana viper hisses angrily.
The black mamba hisses angrily.
You slice the anaconda!!
The anaconda is severely wounded.
You slash the black mamba!
You hear an angry squeal.
The anaconda barely misses you. You block the anaconda's attack.
You block the black mamba's attack. The anaconda grabs you.
The anaconda bites you but does no damage.
The anaconda constricts you.
You slash the anaconda! Your squeeze misses the anaconda.
The anaconda is severely wounded.
You slash the black mamba!
The mana viper is no longer distracted by gold.
You block the black mamba's attack. The anaconda misses you.
The anaconda constricts you. The black mamba bites you!
The anaconda misses you. The anaconda constricts you.
You miss the anaconda. Your squeeze misses the anaconda.
The anaconda is severely wounded.
You hit the black mamba.
The black mamba is no longer distracted by gold.
You block the black mamba's attack. The anaconda bites you.
The anaconda constricts you. You block the black mamba's attack.
You barely miss the anaconda. You squeeze the anaconda.
The anaconda is almost dead.
You closely miss the black mamba. You barely miss the black mamba.
You block the anaconda's attack. The anaconda constricts you.
The black mamba bites you! The black mamba completely misses you.
You block the anaconda's attack. The anaconda constricts you.
The black mamba misses you.
You barely miss the black mamba.
The naga ritualist shouts!
Your grab misses the black mamba. Your squeeze misses the black mamba.
You slash the anaconda! You slash the black mamba!
You block the black mamba's attack. The anaconda misses you.
The anaconda constricts you. You block the black mamba's attack. x2
The anaconda completely misses you. The anaconda constricts you.
You completely miss the anaconda.
You tentacle-slap the anaconda, but do no damage.
The anaconda is almost dead.
You hit the black mamba. You slash the black mamba!
You kill the black mamba!
The anaconda completely misses you. The anaconda constricts you.
The naga ritualist is distracted by your dazzling golden aura.
The black mamba misses you. The mana viper closely misses you.
The anaconda bites you! The anaconda constricts you.
Unknown command.
The naga ritualist shouts!
You slice the mana viper!! You grab the mana viper.
The mana viper is moderately wounded.
You slash the black mamba! You slash the anaconda!
You kill the anaconda!
You constrict the mana viper.
The naga ritualist is no longer distracted by gold.
You block the black mamba's attack.
The sphinx casts a spell.
Something smites you!
* * * LOW HITPOINT WARNING * * *
You block the mana viper's attack. The black mamba completely misses you.
The sphinx casts a spell.
Something smites you!
* * * LOW HITPOINT WARNING * * *
Unknown command.
Okay, then. [a] - 364 gold - resistance and might [b] - 440 gold - haste and resistance [c] - 644 gold - heal wounds, curing, magic, invisibility and might Purchase which effect?
You no longer have enough gold to fund merchants seeking to open stores in the dungeon.
You feel much better.
You feel better. Magic courses through your body.
You fade into invisibility!
You feel very mighty all of a sudden.
You constrict the mana viper. The mana viper bites you!!
* * * LOW HITPOINT WARNING * * *
You feel your power leaking away. You block the black mamba's attack.
The mana viper closely misses you. You block the black mamba's attack.
You slice the mana viper!!
You kill the mana viper!
You slash the black mamba!
Unknown command.
You slash the sphinx!
The sphinx's magic leaks into the air.
The sphinx is lightly wounded.
You slash the black mamba!
You kill the black mamba!
The naga ritualist spits poison at you. The splash of poison hits you.
You are poisoned.
You resist.
* * * LOW HITPOINT WARNING * * *
The sphinx hits you!!
* * * LOW HITPOINT WARNING * * *
The sphinx completely misses you. x2
Unknown command.
You feel better. The sphinx hits you!!
You die...
Your body crumbles into a pile of gold.

##......>..N..[........ .......
#.............................
#.............................
##.............................
#.........[N...................
##...##.........................
##..####.........................
...## #.......$$$...............
..## #.......H@...........[....
.## #.)#...................... ##
#..#...................... #
#..##..............>......
#...#.....................
##..##....................
##..##...................
##..##..................
##..##..............)..


You could see a sphinx (summoned, magic disrupted) and a naga ritualist.

Vanquished Creatures
  Mlioglotl (Lair:2)
  A stone giant (D:15)
  An orc warlord (D:10)
  A fire dragon (Lair:5)
  A yaktaur captain (D:15)
  3 hydras
  4 vault guards (D:13)
  A catoblepas (D:13)
  4 centaur warriors
  Harold (D:9)
  Erica (D:10)
  An ogre mage (D:13)
  4 two-headed ogres
  4 boulder beetles
  A death knight (D:15)
  An anaconda (Snake:1)
  A tengu warrior (D:14)
  3 naga warriors (Snake:1)
  9 death yaks
  An orc high priest (Orc:2)
  A shock serpent (Snake:1)
  A naga sharpshooter (Snake:1)
  Urug (Lair:1)
  An iron troll (D:14)
  A fire crab (shapeshifter) (D:14)
  A deep troll (D:14)
  A deep elf knight (D:13)
  A skyshark (Lair:3)
  A bog body (Lair:2)
  A naga ritualist (Snake:1)
  2 orc knights
  6 orc sorcerers
  4 mana vipers (Snake:1)
  A deep elf pyromancer (D:14)
  5 cyclopes
  2 ugly things
  A manticore (D:12)
  5 salamanders
  Joseph (D:10)
  A guardian serpent (Lair:2)
  10 black mambas
  A gargoyle (D:11)
  2 torpor snails (Lair:2)
  Psyche (D:11)
  8 cane toads
  3 rime drakes (Lair:5)
  A tengu conjurer (D:15)
  An efreet (D:14)
  10 komodo dragons
  14 trolls
  3 polar bears
  Grinder (D:3)
  5 blink frogs (Lair:3)
  6 dream sheep (Lair:4)
  6 slime creatures
  5 wyverns
  Eustachio (D:5)
  A human (D:13)
  A vampire (D:12)
  A shadow (D:10)
  28 yaks
  8 basilisks
  A hog (Snake:1)
  3 wraiths
  2 steam dragons
  4 wargs
  2 vampire mosquitoes (D:13)
  10 nagas
  6 acid dragons
  15 water moccasins
  A floating eye (Lair:2)
  25 orc warriors
  A swamp drake (Lair:5)
  2 black bears
  7 ogres
  9 centaurs
  A phantom (D:6)
  An elf zombie (Ossuary)
  A necrophage (D:7)
  10 bullfrogs
  5 kobold brigands
  2 gnoll sergeants
  A scorpion (D:5)
  5 wights (D:6)
  2 howler monkeys
  23 orc priests
  4 hounds
  A gnoll bouda (D:6)
  3 jellies (Lair:4)
  A human zombie (Ossuary)
  Jessica (D:3)
  6 iguanas
  Terence (D:2)
  Natasha (thrice) (D:2)
  36 orc wizards
  6 hell rats (Lair:4)
  3 mummies
  Robin (D:2)
  13 gnolls
  2 adders
  A white imp (D:6)
  4 worms
  A dart slug (D:4)
  75 orcs
  15 bats
  3 endoplasms
  A giant cockroach (D:3)
  3 gnoll zombies (Ossuary)
  14 goblins
  12 hobgoblins
  5 quokkas
  12 ball pythons
  A frilled lizard (D:1)
  4 goblin zombies (Ossuary)
  2 hobgoblin zombies
  28 kobolds
  A kobold zombie (D:4)
  4 orc zombies (Ossuary)
  4 rats
609 creatures vanquished.

Vanquished Creatures (collateral kills)
  A swamp dragon (Lair:5)
1 creature vanquished.

Vanquished Creatures (others)
  21 fungi
  47 plants
  9 withered plants
77 creatures vanquished.

Grand Total: 687 creatures vanquished

Notes
Turn   | Place    | Note
-------+----------+-------------------------------------------
     0 | D:1      | Flugkiller the Octopode Monk began the quest for the Orb.
     0 | D:1      | Reached XP level 1. HP: 16/16 MP: 1/1
   100 | D:1      | Found Udecleh's Weapon Shoppe.
   181 | D:1      | Reached XP level 2. HP: 21/21 MP: 2/2
   330 | D:1      | Found a faded altar of an unknown god.
   625 | D:2      | Reached XP level 3. HP: 17/26 MP: 3/3
   705 | D:2      | Noticed Natasha
   766 | D:2      | Noticed Terence
   848 | D:2      | Killed Natasha
   849 | D:2      | Reached XP level 4. HP: 22/33 MP: 4/4
   987 | D:2      | Killed Terence
  1068 | D:2      | Noticed Robin
  1085 | D:2      | Killed Robin
  1086 | D:2      | Reached XP level 5. HP: 26/38 MP: 5/5
  1142 | D:2      | Noticed Natasha
  1154 | D:2      | Killed Natasha
  1173 | D:2      | Noticed Natasha
  1198 | D:2      | Killed Natasha
  1199 | D:2      | Reached skill level 5 in Fighting
  1442 | D:3      | Gained mutation: You possess an exceptional clarity of
                  | mind. [potion of mutation]
  1442 | D:3      | Gained mutation: You have hidden genetic potential. [potion
                  | of mutation]
  1446 | D:3      | Noticed Grinder
  1456 | D:3      | Killed Grinder
  1457 | D:3      | Reached XP level 6. HP: 36/46 MP: 6/6
  1468 | D:3      | Gained mutation: You have a pair of small antennae on your
                  | head. [hidden potential]
  1549 | D:3      | You fall into a shaft and drop 2 floors!
  1549 | D:5      | Entered Level 5 of the Dungeon
  1602 | D:5      | Reached skill level 5 in Dodging
  1602 | D:5      | Reached XP level 7. HP: 31/52 MP: 7/7
  2021 | D:4      | Gained mutation: You are partially covered in iridescent
                  | scales. (AC +2) [hidden potential]
  2021 | D:4      | Lost mutation: You have hidden genetic potential. [hidden
                  | potential expressed]
  2043 | D:4      | Found a sand-covered staircase.
  2050 | Ossuary  | Entered an ossuary
  2507 | D:3      | Noticed Jessica
  2513 | D:3      | Killed Jessica
  2620 | D:3      | Reached skill level 1 in Axes
  2620 | D:3      | Reached XP level 8. HP: 45/57 MP: 4/8
  2809 | D:3      | Found Sanoagal's Antique Weapon Boutique.
  3249 | D:4      | Found Yklen's Magic Scroll Shop.
  3279 | D:4      | Found a runed translucent door.
  3280 | D:4      | Noticed Crazy Yiuf
  3468 | D:4      | Bought 2 scrolls of identify for 40 gold pieces
  3468 | D:4      | Bought a scroll of identify for 20 gold pieces
  3468 | D:4      | Bought a scroll of identify for 20 gold pieces
  3519 | D:5      | Found Reonoim's Firing Range.
  3664 | D:5      | Noticed Eustachio
  3800 | D:5      | Killed Eustachio
  4577 | D:6      | Reached XP level 9. HP: 34/62 MP: 4/9
  4946 | D:6      | Reached skill level 5 in Axes
  5544 | D:7      | Found a staircase to the Ecumenical Temple.
  5555 | Temple   | Entered the Ecumenical Temple
  5928 | Temple   | Became a worshipper of Gozag Ym Sagoz the Greedy
  6414 | D:8      | Reached skill level 1 in Shields
  6455 | D:8      | Noticed a troll
  6471 | D:8      | Killed a troll
  6627 | D:8      | Reached skill level 1 in Evocations
  6974 | D:9      | Reached XP level 10. HP: 72/72 MP: 10/10
  6996 | D:9      | Noticed Harold
  6996 | D:9      | Noticed a two-headed ogre
  7002 | D:9      | Reached skill level 5 in Shields
  7117 | D:9      | Killed a two-headed ogre
  7165 | D:9      | Killed Harold
  7991 | D:1      | Bought the +10 broad axe of the Viper {antimagic, rElec
                  | rPois Dex+2 Stlth-} for 1079 gold pieces
  8170 | D:10     | Entered Level 10 of the Dungeon
  8170 | D:10     | Noticed Erica
  8178 | D:10     | Killed Erica
  8316 | D:10     | Found a staircase to the Orcish Mines.
  8591 | D:10     | Reached skill level 5 in Evocations
  8646 | D:10     | Noticed Joseph
  8652 | D:10     | Killed Joseph
  8653 | D:10     | Reached XP level 11. HP: 47/80 MP: 1/11
  9002 | D:10     | Found a bloodstained altar of Trog.
  9188 | D:11     | Noticed a two-headed ogre
  9193 | D:11     | Noticed a white ugly thing
  9198 | D:11     | Killed a two-headed ogre
  9202 | D:11     | Killed a white ugly thing
  9303 | D:11     | Noticed a cyclops
  9393 | D:11     | Noticed Psyche
  9403 | D:11     | Killed Psyche
  9552 | D:11     | Found a portal to a secret trove of treasure.
  9573 | D:11     | Found a staircase to the Lair.
  9617 | D:11     | Killed a cyclops
  9618 | D:11     | Reached skill level 10 in Fighting
 10212 | Lair:1   | Entered Level 1 of the Lair of Beasts
 10456 | Lair:1   | Noticed Urug
 10470 | Lair:1   | Killed Urug
 10980 | Lair:2   | Noticed a five-headed hydra
 10991 | Lair:1   | Reached XP level 12. HP: 89/89 MP: 4/12
 11096 | Lair:2   | Noticed a six-headed hydra
 11096 | Lair:2   | Noticed a death yak
 11172 | Lair:2   | Reached skill level 10 in Dodging
 11628 | Lair:2   | Noticed a death yak
 11671 | Lair:2   | Killed a death yak
 11678 | Lair:2   | Killed a death yak
 11858 | Lair:2   | Killed a two-headed hydra
 12121 | Lair:2   | Found a staircase to the Swamp.
 12586 | Lair:2   | Killed a two-headed hydra
 12612 | Lair:2   | Found a staircase to the Snake Pit.
 13144 | Lair:3   | Reached skill level 10 in Axes
 13234 | Lair:3   | Reached XP level 13. HP: 91/97 MP: 4/13
 14435 | Lair:4   | Found a staircase to the Slime Pits.
 14452 | Lair:4   | Found a viscous altar of Jiyva.
 14549 | Lair:4   | Identified the +5 quarterstaff "Kuph" {holy, rF+ Will+}
 15197 | Lair:5   | Entered Level 5 of the Lair of Beasts
 15444 | Lair:5   | Found a runed translucent gate.
 15445 | Lair:5   | Found a runed translucent gate.
 15446 | Lair:5   | Found a runed translucent gate.
 15447 | Lair:5   | Noticed Subbak's ghost (journeyman DEHs)
 15453 | Lair:5   | Noticed Gruesome's ghost (journeyman TrFi)
 15711 | Lair:5   | Noticed a fire dragon
 15864 | Lair:5   | Killed a fire dragon
 17025 | D:12     | Found a radiant altar of Vehumet.
 17273 | D:13     | Noticed a vault guard
 17564 | D:13     | Reached XP level 14. HP: 75/106 MP: 3/14
 18370 | D:13     | Paralysed by an ogre mage for 4 turns
 18494 | D:13     | Found a gate to the Vaults.
 18820 | D:14     | Identified the amulet of Fatigue {Faith Harm Str+4}
 20399 | D:15     | Entered Level 15 of the Dungeon
 20427 | D:15     | Got the Quarto of the Grim Squall
 21022 | D:15     | Found a staircase to the Depths.
 21022 | D:15     | Noticed a stone giant
 21320 | D:15     | Killed a stone giant
 21944 | Orc:1    | Entered Level 1 of the Orcish Mines
 21944 | Orc:1    | Noticed an orc warlord
 21956 | D:10     | Killed an orc warlord
 21986 | Orc:1    | Reached XP level 15. HP: 61/112 MP: 5/15
 22135 | Orc:1    | Found a runed translucent gate.
 22136 | Orc:1    | Found a runed translucent gate.
 22137 | Orc:1    | Found a runed translucent gate.
 22154 | Orc:1    | Noticed Takeo's ghost (journeyman MiGl)
 22154 | Orc:1    | Noticed Flugkiller's ghost (journeyman DEMo)
 22155 | Orc:1    | Noticed Vupaekk's ghost (journeyman DsEE)
 22611 | Orc:2    | Entered Level 2 of the Orcish Mines
 22716 | Orc:2    | Found Erosej's Armour Boutique.
 22809 | Orc:2    | Found a staircase to the Elven Halls.
 22999 | Orc:2    | Found Huagobua's Weapon Shop.
 22999 | Orc:2    | Found Ydwalig's Distillery.
 23000 | Orc:2    | Found Lauc's Antique Armour Boutique.
 23008 | Orc:2    | Found Rahet's Weapon Boutique.
 23025 | Orc:2    | Bought a potion of heal wounds for 75 gold pieces
 23025 | Orc:2    | Bought a potion of heal wounds for 75 gold pieces
 23025 | Orc:2    | Bought a potion of might for 60 gold pieces
 23025 | Orc:2    | Bought a potion of might for 60 gold pieces
 23873 | Orc:2    | Bought a blackened glass wand for 144 gold pieces
 23875 | Orc:2    | Bought the ring of Eternal Harmony {rF+ MP+9} for 612 gold
                  | pieces
 23995 | Snake:1  | Entered Level 1 of the Snake Pit
 24045 | Lair:2   | Reached skill level 10 in Shields
 24153 | Snake:1  | Noticed Mlioglotl
 24226 | Lair:2   | Learned a level 5 spell: Irradiate
 24248 | Lair:2   | Killed Mlioglotl
 25027 | Snake:1  | Noticed Kirke
 25030 | Snake:1  | Noticed a sphinx
 25054 | Snake:1  | Slain by a sphinx

Illustrated notes

Levels and vault maps discovered:
D:1:      co_arrival_random_square_maze, layout_rooms,
          shapermc_ecumenical_altar_mp_highgroup, serial_shops, shop,
          minivault_11
D:2:      layout_rooms, chequers_serial_rivers_small_3, uniq_natasha,
          uniq_robin, uniq_terence
D:3:      layout_basic, serial_shops, shop, uniq_jessica, uniq_grinder
D:4:      layout_rooms, serial_shops, shop, nicolae_ossuary_entry_giza,
          small_statue_intersection, uniq_crazy_yiuf_cottage
D:5:      layout_cave_pods, nicolae_shop_firing_range, uniq_eustachio
D:6:      layout_basic
D:7:      layout_basic, temple_green, nicolae_nh_ransacked_shop
D:8:      layout_loops_ring, nicolae_concentric_dashed_squares_mild,
          centaur_isle
D:9:      layout_rooms, uniq_harold
D:10:     layout_roguey, lightli_temple_of_fire, orc_david_3, uniq_joseph,
          uniq_erica
D:11:     layout_irregular_city, lair_entry_dummy, enter_trove_3, uniq_psyche
D:12:     layout_cave_pods, nicolae_vehumet_altar_sigil
D:13:     layout_roguey, grunt_vaults_entry_fortified
D:14:     lemuel_troll_bridge, layout_basic
D:15:     grunt_enter_depths_giant_problem, layout_loops_ring, chequers_garden,
          grunt_tough_drop
Temple:   mainiacjoe_temple_trianglar_array
Lair:1:   layout_long_grid, grunt_megastairs_1, infiniplex_staircase_pool_2,
          uniq_urug
Lair:2:   layout_regular_city, skrybe_swamp_entry_bodies,
          guppyfry_snake_entry_island, disabler_island, grunt_megastairs_3
Lair:3:   layout_cave_pods, grunt_megastairs_2
Lair:4:   layout_regular_city, nicolae_slime_entry_field_trip
Lair:5:   guppyfry_lair_end_dragon, layout_layer_cave, gammafunk_ghost_cemetery
Snake:1:  layout_layer_cave, uniq_kirke, uniq_mlioglotl
Orc:1:    layout_diamond_mine, gammafunk_ghost_cemetery,
          nicolae_orc_crystal_geode
Orc:2:    st_orc_mages, layout_diamond_mine, serial_shops, shop, roderic_batcave

Skill      XL: |  1  2  3  4  5  6  7  8  9 10 11 12 13 14 15 |
---------------+----------------------------------------------+-----
Stealth        | 3 4 |  4.0
Fighting       | 4 6 7 8 9 10 12 13 14 | 14.3
Dodging        | 4 5 7 8 9 11 12 13 | 13.9
Axes           | 1 4 6 8 10 12 13 14 | 14.9
Shields        | 4 7 8 9 10 | 10.3
Evocations     | 4 5 7 8 |  8.0
Long Blades    | |  3.0

Action                     |  1- 3 |  4- 6 |  7- 9 | 10-12 | 13-15 || total
---------------------------+-------+-------+-------+-------+-------++-------
  Melee: Falchion          |    58 |    34 |   137 |    53 |       ||   282
         Constrict         |    16 |    14 |    66 |    46 |    97 ||   239
         Tentacles         |     8 |    15 |    70 |   102 |   243 ||   438
         Punch             |     2 |     1 |     4 |     3 |    21 ||    31
         Dagger            |       |    31 |   141 |       |       ||   172
         Broad axe         |       |       |       |   299 |   758 ||  1057
         Scimitar          |       |       |       |     9 |     9 ||    18
 Invoke: Call Merchant     |       |       |       |       |     3 ||     3
         Potion Petition   |       |       |       |       |     2 ||     2
  Evoke: Wand              |       |       |       |     1 |     6 ||     7
    Use: Potion            |       |     1 |     1 |     1 |     6 ||     9
         Scroll            |       |       |    12 |     9 |     7 ||    28
   Stab: Sleeping          |     8 |     6 |    14 |    14 |    16 ||    58
         Distracted        |       |       |     6 |     3 |     9 ||    18
         Petrified         |       |       |       |       |     2 ||     2
 Armour: Skin              |     5 |     3 |    23 |     4 |    19 ||    54
  Dodge: Dodged            |    34 |    38 |   250 |   276 |   534 ||  1132
  Block: Buckler           |       |       |    31 |    59 |       ||    90
         Kite shield       |       |       |       |   179 |   620 ||   799

Table legend: (Time is in decaauts)
 A = Elapsed time spent in this place.
 B = Non-inter-level travel time spent in this place.
 C = Inter-level travel time spent in this place.
 D = Time resting spent in this place.
 E = Time spent auto-exploring this place.
 F = Levels seen in this place.
 G = Mean time per level.
                   A        B        C        D        E       F      G
               +--------+--------+--------+--------+--------+-----+--------+
         Total |  25291 |  23602 |   1689 |   6263 |  11818 |  25 | 1011.6 |
       Dungeon |  15551 |  14441 |   1110 |   4089 |   7081 |  15 | 1036.7 |
        Temple |    394 |    341 |     53 |      0 |    337 |   1 |  394.0 |
          Lair |   6863 |   6536 |    327 |   2007 |   3016 |   5 | 1372.6 |
     Snake Pit |    634 |    634 |      0 |     77 |    320 |   1 |  634.0 |
  Orcish Mines |   1672 |   1474 |    198 |     51 |   1013 |   2 |  836.0 |
       Ossuary |    173 |    173 |      0 |     39 |     51 |   1 |  173.0 |
               +--------+--------+--------+--------+--------+-----+--------+

Top non-repeatable levels by time:
  Lair:2: 2166 daAuts
    D:14: 1942 daAuts
  Lair:3: 1413 daAuts
  Lair:1: 1310 daAuts
    D:13: 1279 daAuts
    D:15: 1199 daAuts
    D:11: 1192 daAuts
  Lair:5: 1162 daAuts
    D:10: 1150 daAuts
    D:12: 1067 daAuts
     D:5: 1035 daAuts
     D:3: 1025 daAuts
     D:8: 989 daAuts
   Orc:2: 986 daAuts
     D:9: 964 daAuts
